cohdb
Replays
Latest Replays
All Replays
Popular Replays
Top Player Replays
Match Explorer
How It Works
Community
CoH3 Stats
Reddit
Sign in to upload your games and track your stats! →
Sign in with Steam
Match 38058803
Unlisted
Match 38058803
Overview
Messages
Build Orders
End
Construct Barracks
Selects Armored Battlegroup
Selects Armored Battlegroup
Selects Armored Battlegroup
Riflemen Squad
Riflemen Squad
Construct Weapon Support Center
M1919 Machine Gun Team
Bazooka Squad
Construct Medical Station
Infantry Support Center
Riflemen Squad
Selects Fast Deploy
Bazooka Squad
sharpshooter
达克布鲁
帽子米塔
罐头鸟巢
0
0
Comments
sign in to comment!
No comments posted yet!